 Dungeon Crawl Stone Soup version 0.18-a0-1121-gb454403 (webtiles) character file.

161 smeego the Chopper (level 5, -1/33 HPs)
             Began as a Gargoyle Chaos Knight on Jan 18, 2016.
             Killed by divine providence
             ... invoked by an orc priest
              (14 damage)
             ... on level 3 of the Dungeon.
             The game lasted 00:02:30 (1454 turns).

smeego the Chopper (Gargoyle Chaos Knight)          Turns: 1454, Time: 00:02:30

Health: -1/33      AC: 10    Str: 16    XL:     5   Next: 42%
Magic:  5/5        EV: 11    Int: 13    God:    Xom [....*.]
Gold:   59         SH:  0    Dex:  9    Spells: 0 memorised, 4 levels left

rFire  . . .     SeeInvis .     a - +0 hand axe (chaos)
rCold  . . .     Gourm    .     b - +3 leather armour
rNeg   + . .     Faith    .     (no shield)
rPois  ∞         Spirit   .     (no helmet)
rElec  +         Dismiss  .     (no cloak)
rCorr  .         Reflect  .     (no gloves)
SustAt .         Harm     .     (no boots)
MR     .....                    (no amulet)
Stlth  +.........               (no ring)
                                (no ring)

@: about to teleport, not resistant to hostile enchantments, very unstealthy
A: negative energy resistance 1, electricity resistance, unbreathing,
petrification resistance, rot immunity, AC +4
a: Renounce Religion


You were on level 3 of the Dungeon.
You worshipped Xom.
You were a beloved toy of Xom.
You were not hungry.

You visited 1 branch of the dungeon, and saw 3 of its levels.

You collected 59 gold pieces.

Inventory:

Hand Weapons
 a - a +0 hand axe of chaos (weapon)
Armour
 b - a +3 leather armour (worn)
 i - a +0 leather armour
Wands
 k - a wand of digging (7/24)
Comestibles
 c - 2 bread rations
 m - 3 fruits
 r - 2 chunks of flesh


   Skills:
 + Level 4.0 Fighting
 * Level 4.3 Axes
 * Level 2.8 Armour
 + Level 1.9 Dodging


You had 4 spell levels left.
You didn't know any spells.

Dungeon Overview and Level Annotations

Branches:
Dungeon (3/15)

Altars:


Innate Abilities, Weirdness & Mutations

You are resistant to torment.
Your stone body is resilient (AC +4).
You are immune to poison.
You resist negative energy.
You are resistant to electric shocks.
You can survive without breathing.
You are immune to petrification.
You are immune to rotting.


Message History

The adder closely misses you. The orc barely misses you.
The orc priest hits you with a hand axe.
Read which item? (? for menu, Esc to quit)
As you read the scroll labeled VOPTUL POTI, it crumbles to dust.
It is a scroll of identify.
Identify which item? (\ to view known items) (? for menu, Esc to quit)
o - a scroll of teleportation The adder bites you but does no damage.
The orc hits you but does no damage.
The orc priest mumbles some strange prayers to Beogh against you.
Pain shoots through your body! The adder barely misses you.
Read which item? (? for menu, Esc to quit)
As you read the scroll of teleportation, it crumbles to dust.
You feel strangely unstable. The adder bites you but does no damage.
The orc hits you but does no damage.
The orc priest hits you but does no damage.
The orc barely misses you.
The orc priest invokes the aid of Beogh against you.
Something smites you!
You die...
Xom titters!

*****,,,,**,***,,,,,,,,,,,,,,,*
,,,,,,,,,,,,* ***..#*********,*
*****,**,**** *..# *,*** * *,**,*
#..# *,,,, * *,**,* #..# *,,** *
*,*#.########..# ***,,* *
*,,,...........# *,,,,* *
*,*#####..o..#.# #.#*,* *
*,,.....=.)S@..# #.#*,* *
*,,#####..o†...###### #.#*,* *
*,,,................###.##.* *
*,,,##...#....†............*
*****,,,#......##.#####.###.##**
,,,,,,,........##.# #.# #.#####
,,,**,,.........#.# ##.###.#...#
**,,,,,...........####.#†#.......
****,*,,.....,,#.....###........


You could see an orc priest (inner flame), an adder (inner flame) and an orc
(inner flame).

Vanquished Creatures
  An ice beast (D:3)
  2 adders
  A worm (D:2)
  2 giant geckos
  3 orcs (D:3)
  4 bats
  3 giant cockroaches
  7 goblins
  4 hobgoblins
  3 jackals (D:1)
  A ball python (D:2)
  3 giant newts
  3 kobolds
  3 rats
40 creatures vanquished.

Notes
Turn   | Place    | Note
--------------------------------------------------------------
     0 | D:1      | smeego the Gargoyle Chaos Knight began the quest for the Orb.
     0 | D:1      | Reached XP level 1. HP: 14/14 MP: 1/1
    46 | D:1      | XOM: silly message
   202 | D:1      | Reached XP level 2. HP: 14/19 MP: 2/2
   578 | D:2      | XOM: god gift: leather armour {god gift}
   630 | D:2      | Reached XP level 3. HP: 23/23 MP: 3/3
   741 | D:2      | Reached skill level 1 in Dodging
  1230 | D:3      | XOM: stealth player
  1240 | D:3      | XOM: confuse monster(s)
  1267 | D:3      | Noticed an ice beast
  1275 | D:3      | XOM: butterfly on damage
  1293 | D:3      | Killed an ice beast
  1293 | D:3      | Reached skill level 4 in Fighting
  1293 | D:3      | Reached XP level 4. HP: 18/29 MP: 4/4
  1293 | D:3      | Reached XP level 5. HP: 20/33 MP: 5/5
  1454 | D:3      | Killed from afar by an orc priest

Vault maps used:
D:1:      grunt_arrival_crossed_arrows
D:3:      lemuel_round_altar, first_bread, uniq_terence, uniq_natasha

Action                   |  1- 3 |  4- 6 || total
-------------------------+-------+-------++-------
Melee: Hand axe          |   114 |    28 ||   142
  Use: Potion            |     4 |     1 ||     5
       Scroll            |       |     7 ||     7
 Stab: Paralysed         |     4 |       ||     4
       Invisible         |     3 |       ||     3
       Confused          |     1 |       ||     1
       Sleeping          |     1 |       ||     1
       Distracted        |       |     1 ||     1
  Eat: Bread ration      |     1 |       ||     1
